 Dungeon Crawl Stone Soup version 0.28-a0-1524-ge72afd5fc6 (webtiles) character file.

Game seed: 5380395577191457201

689 fragbeetle the Insei (level 7, 57/57 HPs)
             Began as a Pale Draconian Transmuter on Jan 17, 2022.
             Was an Initiate of Gozag.
             Quit the game on level 5 of the Dungeon.
             The game lasted 00:09:38 (5110 turns).

fragbeetle the Insei (Pale Draconian Transmuter)    Turns: 5110, Time: 00:09:38

Health: 57/57      AC:  2    Str: 12    XL:     7   Next: 36%
Magic:  18/19      EV: 20    Int: 14    God:    Gozag
Gold:   450        SH:  0    Dex: 18    Spells: 2/10 levels left

rFire   . . .      SeeInvis .     - Unarmed
rCold   . . .      Faith    .   (shield currently unavailable)
rNeg    . . .      Spirit   .   (armour unavailable)
rPois   x          Reflect  .   (helmet currently unavailable)
rElec   .          Harm     .   (cloak currently unavailable)
rCorr   .          Rampage  .   (gloves currently unavailable)
Will    .....                   (boots currently unavailable)
Stlth   ++........              (no amulet)
HPRegen 0.19/turn               o - ring of magical power
MPRegen 0.16/turn               (no ring)

@: spider-form (expiring), gold aura
A: venomous fangs, (breathe steam), AC +6, tiny, unfitting armour,
(cold-blooded), (steam resistance)
a: End Transformation, Renounce Religion, Potion Petition, Call Merchant, Bribe
Branch


You were on level 5 of the Dungeon.
You worshipped Gozag.
Gozag was aware of your devotion.
You were a venomous arachnid creature.
You visited 1 branch of the dungeon, and saw 5 of its levels.

You collected 471 gold pieces.
You paid 21 gold pieces to Gozag.

Inventory:

Missiles
 e - 223 stones
 g - 59 sling bullets
 l - 8 poisoned darts
Magical Staves
 f - a staff of poison
Jewellery
 o - a ring of magical power (left front leg)
Scrolls
 a - a scroll of enchant armour {unknown}
 c - 2 scrolls of immolation
 d - 4 scrolls of teleportation {unknown}
 i - a scroll of torment {unknown}
 k - a scroll of amnesia {unknown}
 m - a scroll of fog {unknown}
 r - 2 scrolls of identify {unknown}
Potions
 b - 4 potions of curing {unknown}
 h - 2 potions of mutation {unknown}
 j - a potion of resistance {unknown}
 n - a potion of haste {unknown}
 p - a potion of invisibility {unknown}
 q - a potion of magic {unknown}


   Skills:
 + Level 3.2 Fighting
 + Level 3.0 Dodging
 * Level 5.0 Unarmed Combat
 - Level 2.0 Spellcasting
 * Level 4.5 Transmutations
 + Level 1.4 Ice Magic
 * Level 3.2 Poison Magic


You had 2 spell levels left.
You knew the following spells:

 Your Spells              Type           Power      Damage    Failure   Level
a - Beastly Appendage     Tmut           28%        N/A       12%         1
b - Spider Form           Tmut/Pois      12%        N/A       32%         3
c - Ice Form              Ice/Tmut       9%         N/A       77%         4

Your spell library contained the following spells:

 Spells                   Type           Power      Damage    Failure   Level
 Wereblood                Tmut           14%        N/A       16%         2


Dungeon Overview and Level Annotations

Branches:
Dungeon (5/15)
 Temple: D:4-7

Altars:
Dithmenos
Gozag
Hepliaklqana


Innate Abilities, Weirdness & Mutations

You are a venomous arachnid creature.
You have poisonous fangs.
You are tiny and dextrous.
Your spellcasting is less reliable in this form.
Your armour is entirely melded.
You are incapable of wielding weapons or throwing items.
((You can breathe blasts of scalding, opaque steam.))
((Your pale cyan-grey scales are hard. (AC +6)))
You cannot fit into any form of body armour.
((You are cold-blooded and may be slowed by cold attacks.))
((You are immune to the effects of steam.))


Message History

The phantom barely misses you.
You hit the phantom.
You destroy the phantom!
Your Dodging skill increases to level 3!
Your Poison Magic skill increases to level 3!
You now have 438 gold pieces (gained 7).
Your transformation is almost over.
Your horns disappear.
Your talons disappear.
Items here: ))) [[[.
There is a stone staircase leading up here.
Found a stone staircase leading up.
e - 223 stones (gained 25)
An ogre comes into view. It is wielding a +0 giant club.
The ogre shouts!
You see here a scroll labelled WITSIL GIRUUNU.
Found a shadowy altar of Dithmenos.
Casting: Beastly Appendage (safe; 4% risk of failure)
Confirm with . or Enter, or press ? or * to list all spells.
You turn into a venomous arachnid creature.
The ogre misses you.
You hit the ogre.
The ogre is lightly wounded.
The ogre barely misses you.
You hit the ogre.
The ogre is poisoned.
The ogre is moderately wounded.
The ogre misses you.
You hit the ogre.
The ogre is heavily wounded.
You hit the ogre.
The ogre looks as sick as possible!
The ogre is severely wounded.
The ogre misses you.
You bite the ogre!
You kill the ogre!
Your Unarmed Combat skill increases to level 5!
You now have 450 gold pieces (gained 12).
You see here a +0 giant club.
r - 2 scrolls labelled WITSIL GIRUUNU (gained 1)
Your transformation is almost over.
Found a stone staircase leading down.
Are you sure you want to abandon this character and quit the game? (Confirm with "yes".)

#.......# #.. #.##.....
.>.. ..8#.###.... ....#
...##..##.... .....##
...8##........ ......##
#_## ###......
#.....###### ##.....
#......# ##.... #.
#...s..# ##... #..
##.....###.. ..####..
#..
#..).......##........
#.##........########....
#........#.## ##...
#......###..# ##..
####.....## #..# #..
........## #..# ##..
........#####..## #...


There were no monsters in sight!

Vanquished Creatures
  An ogre (D:5)
  A kobold brigand (D:4)
  2 phantoms
  2 orc priests
  A centaur skeleton (D:4)
  Jessica (D:2)
  2 orc wizards
  An iguana (D:4)
  A hound zombie (D:5)
  3 adders
  6 gnolls
  A worm (D:3)
  2 dart slugs
  9 orcs
  7 endoplasms
  5 giant cockroaches
  7 goblins
  10 hobgoblins
  8 jackals
  3 quokkas
  5 ball pythons
  5 bats
  4 frilled lizards
  10 kobolds
  3 rats
100 creatures vanquished.

Notes
Turn   | Place    | Note
-------+----------+-------------------------------------------
     0 | D:1      | fragbeetle the Draconian Transmuter began the quest for the
                  | Orb.
     0 | D:1      | Reached XP level 1. HP: 16/16 MP: 3/3
   387 | D:1      | Reached XP level 2. HP: 23/23 MP: 3/5
   743 | D:1      | Reached XP level 3. HP: 21/29 MP: 4/6
   753 | D:1      | Learned a level 3 spell: Spider Form
  1164 | D:2      | Found a faded altar of an unknown god.
  1359 | D:2      | Noticed Jessica
  1364 | D:2      | Killed Jessica
  1365 | D:2      | Reached XP level 4. HP: 34/36 MP: 5/7
  1428 | D:2      | Reached skill level 1 in Poison Magic
  1907 | D:2      | Reached XP level 5. HP: 12/41 MP: 8/8
  2317 | D:3      | Found an opulent altar of Gozag.
  2328 | D:3      | Became a worshipper of Gozag Ym Sagoz the Greedy
  2451 | D:3      | Reached skill level 4 in Unarmed Combat
  3223 | D:3      | Learned a level 4 spell: Ice Form
  3487 | D:4      | Found a faded altar of an unknown god.
  3494 | D:4      | Reached XP level 6. HP: 44/50 MP: 9/9
  3530 | D:4      | Found a hazy altar of Hepliaklqana.
  4348 | D:5      | Entered Level 5 of the Dungeon
  4384 | D:4      | Reached skill level 1 in Ice Magic
  4678 | D:5      | Your scales start taking on a pale cyan-grey colour.
  4678 | D:5      | Reached XP level 7. HP: 55/56 MP: 10/10
  4678 | D:5      | Gained mutation: You are immune to the effects of steam.
                  | [Pale Draconian growth]
  5091 | D:5      | Found a shadowy altar of Dithmenos.
  5099 | D:5      | Reached skill level 5 in Unarmed Combat
  5110 | D:5      | Quit the game

Illustrated notes

Levels and vault maps discovered:
D:1:      lightli_arrival_flooded_house, layout_basic
D:2:      layout_basic, hellmonk_ecumenical_altar_blasted, uniq_jessica
D:3:      layout_loops_ring, grunt_gozag_statues, amcnicky_mini_pool_small
D:4:      layout_loops_ring, beargit_hepliaklqana_dungeon_heroes, st_stairs_3,
          minmay_quantized
D:5:      layout_layer_cave, nicolae_overflow_hidden_temple,
          mainiacjoe_overflow_catwalk, minmay_misc_feat_tower,
          kennysheep_generic_room_6

Skill      XL: |  1  2  3  4  5  6  7 |
---------------+----------------------+-----
Dodging        | 2 3 |  3.0
Transmutations | 3 4 |  4.5
Fighting       | 2 3 |  3.2
Poison Magic   | 1 2 3 |  3.2
Unarmed Combat | 4 5 |  5.0
Ice Magic      | 1 |  1.4
Spellcasting   | |  2.0

Action                   |  1- 3 |  4- 6 |  7- 9 || total
-------------------------+-------+-------+-------++-------
Melee: Unarmed           |    91 |   193 |    23 ||   307
       Headbutt          |    13 |    17 |     1 ||    31
       Kick              |    15 |    40 |     3 ||    58
       Tailslap          |     8 |    16 |     3 ||    27
       Punch             |     1 |     3 |       ||     4
 Cast: Beastly Appendage |    20 |    32 |     2 ||    54
       Spider Form       |       |     7 |     2 ||     9
 Stab: Distracted        |       |     2 |       ||     2
Armor: Skin              |    21 |    46 |     5 ||    72
Dodge: Dodged            |    60 |   123 |    12 ||   195

Table legend: (Time is in decaauts)
 A = Elapsed time spent in this place.
 B = Non-inter-level travel time spent in this place.
 C = Inter-level travel time spent in this place.
 D = Time resting spent in this place.
 E = Time spent auto-exploring this place.
 F = Levels seen in this place.
 G = Mean time per level.
                   A        B        C        D        E       F      G
               +--------+--------+--------+--------+--------+-----+--------+
         Total |   5091 |   5011 |     80 |    801 |   3033 |   5 | 1018.2 |
       Dungeon |   5091 |   5011 |     80 |    801 |   3033 |   5 | 1018.2 |
               +--------+--------+--------+--------+--------+-----+--------+

Top non-repeatable levels by time:
     D:4: 1299 daAuts
     D:2: 1242 daAuts
     D:3: 1063 daAuts
     D:1: 1020 daAuts
     D:5: 464 daAuts
